Map: Apotheosis LE

Players

Hwanjang

  • Race: Terran Terran
  • League: Gold
  • Spawn Location: 11:00

Fropez - Winner!

  • Race: Protoss Protoss
  • League: Gold
  • Spawn Location: 5:00

VOD

Have the link to the VOD?

Description

Time

  • Played on: Nov. 7, 2016, 5:50 p.m.
  • Length: 8:53
Show
View Real Time Build Order
Export as new Build Order

Hwanjang Terran 

Build Orders: Command Center First (CC), MMM Bio 

Get SALT Encoding   

  12  0:01  SCV  
  13  0:13  SCV  
  14  0:18  Supply Depot  
  14  0:25  SCV  
  15  0:39  SCV  
  16  0:51  SCV  
  17  1:05  SCV  
  17  1:06  Command Center  
  18  1:18  SCV  
  19  1:26  Barracks  
  19  1:30  SCV  
  20  1:44  SCV  
  20  1:45  Barracks  
  21  1:47  Refinery  
  21  1:56  SCV  
  22  2:08  SCV  
  23  2:15  Refinery  
  23  2:18  Marine  
  23  2:19  Orbital Command  
  23  2:21  Orbital Command  
  24  2:32  Barracks Tech Lab  
  24  2:41  Marine  
  25  2:47  SCV  
  25  2:48  SCV  
  27  2:53  Bunker  
  27  2:56  Stimpack, Marine  
  28  2:59  SCV  
  28  3:00  SCV  
  30  3:11  Supply Depot  
  30  3:14  Marine  
  30  3:15  SCV x2  
  33  3:23  Barracks Reactor  
  33  3:24  Supply Depot  
  33  3:27  SCV x2  
  33  3:29  Factory  
  35  3:39  SCV  
  35  3:40  SCV  
  35  3:41  Marine, Supply Depot  
  38  3:52  SCV x2  
  38  3:55  Supply Depot  
  40  3:59  Marine x3  
  43  4:04  SCV x2  
  43  4:08  Barracks  
  45  4:12  Engineering Bay  
  45  4:14  Engineering Bay  
  45  4:16  Factory Tech Lab  
  45  4:20  Marine  
  45  4:21  Marine x2, Starport  
  45  4:24  SCV x2  
  50  4:27  Refinery  
  50  4:30  Supply Depot  
  50  4:35  Siege Tank  
  53  4:44  SCV x2  
  55  4:49  Refinery  
  55  4:56  Barracks Reactor, SCV x2  
  55  4:57  Combat Shields  
  57  5:05  Starport Reactor, Barracks  
  57  5:08  Siege Tank  
  57  5:10  Marine x2, Barracks  
  62  5:23  SCV x2  
  62  5:27  Terran Infantry Weapons Level 1, Terran Infantry Armor Level 1  
  64  5:29  Marine x2  
  64  5:49  Marine x4, Medivac  
  68  5:50  Medivac  
  68  5:56  SCV x2  
  72  6:03  Barracks Reactor x2  
  72  6:04  Supply Depot  
  72  6:06  Supply Depot  
  72  6:07  Supply Depot  
  72  6:19  Marine x2, Medivac x2  
  72  6:25  Marine x3  
  81  6:39  Supply Depot  
  81  6:40  Marine x2, Supply Depot  
  81  6:41  Marine  
  81  6:42  Marine x2  
  81  6:43  Marine x3  
  89  6:47  Siege Tank  
  89  6:49  Medivac x2  
  96  7:01  Marine x4  
  96  7:02  Marine x4  
  102  7:10  Marine  
  100  7:19  Marine x5  
  100  7:35  Marine x2  
  100  7:36  Marine x2  
  93  7:37  Marine x5  
  96  7:53  Marine x4  
  96  7:55  Marine x5  
  98  8:11  Marine x4  
  98  8:12  Marine x2  
  102  8:13  Marine x2  
  106  8:21  Marine  
  106  8:23  Orbital Command  
  100  8:28  Marine  
  100  8:29  Marine x2  
  100  8:30  Marine  
  100  8:31  Marine  
Show
View Real Time Build Order
Export as new Build Order

Fropez Protoss - Winner!

Build Orders:  

Get SALT Encoding   

  12  0:01  Probe (Chrono Boost)  
  13  0:11  Probe (Chrono Boost)  
  14  0:18  Pylon  
  14  0:22  Probe (Chrono Boost)  
  15  0:36  Gateway  
  15  0:38  Probe (Chrono Boost)  
  16  0:45  Assimilator  
  16  0:48  Probe (Chrono Boost)  
  17  0:59  Probe (Chrono Boost)  
  18  1:07  Gateway  
  18  1:09  Probe (Chrono Boost)  
  19  1:20  Probe (Chrono Boost)  
  19  1:21  Pylon  
  20  1:30  Probe (Chrono Boost)  
  21  1:38  Assimilator  
  21  1:41  Probe (Chrono Boost)  
  22  1:57  Nexus  
  22  2:08  Cybernetics Core  
  22  2:11  Cybernetics Core  
  22  2:14  Probe (Chrono Boost)  
  23  2:23  Pylon  
  23  2:39  Probe (Chrono Boost)  
  24  2:49  Adept, Mothership Core (Chrono Boost)  
  24  2:50  Adept  
  30  2:51  Warp Gate (Chrono Boost)  
  30  2:57  Pylon  
  30  3:08  Probe  
  31  3:16  Probe  
  31  3:18  Pylon  
  32  3:30  Twilight Council, Probe  
  32  3:31  Probe  
  34  3:40  Gateway  
  34  3:42  Probe  
  34  3:43  Probe  
  35  3:56  Pylon  
  35  4:04  Probe  
  35  4:05  Probe, Robotics Facility  
  35  4:08  Resonating Glaives  
  37  4:14  Adept x2  
  41  4:18  Probe  
  41  4:19  Probe  
  43  4:31  Pylon  
  43  4:34  Probe  
  43  4:35  Probe  
  43  4:37  Pylon  
  45  4:46  Assimilator  
  45  4:48  Assimilator  
  45  4:51  Probe x2  
  47  4:53  Pylon  
  47  4:56  Pylon  
  47  5:01  Pylon  
  47  5:03  Observer, Probe  
  49  5:46  Warp Prism  
  49  5:48  Probe  
  49  5:50  Probe  
  49  5:57  Gateway  
  49  6:00  Gateway  
  49  6:04  Pylon, Gateway  
  49  6:06  Gateway  
  49  6:09  Probe  
  49  6:10  Probe  
  51  6:17  Adept  
  51  6:18  Adept x2, Gateway, Dark Shrine  
  57  6:24  Probe  
  57  6:25  Probe  
  59  6:29  Nexus  
  59  6:33  Assimilator  
  59  6:35  Assimilator  
  59  6:42  Robotics Bay  
  59  6:43  Probe  
  59  6:44  Probe, Forge  
  61  6:49  Pylon  
  61  6:56  Probe  
  60  7:17  Adept x3  
  60  7:18  Adept x4  
  70  7:37  Pylon, Probe  
  70  7:38  Probe  
  70  7:40  Pylon  
  66  8:08  Adept x2  
  66  8:09  Adept x5  
  66  8:12  Immortal  
  74  8:32  Dark Templar x4  
  61  8:45  Zealot x3  
Tags
 
Composition
MMM Bio
League
GoldGold
Matchup
PvT
Replay Pack
All Mines
Spawn Locations
Cross Positions
Add a new tag
Caveats
  • Supply blocks, unpowered buildings, or Contaminate may cause inaccurate times.
  • Supply counts are checked every 10 seconds.